 Dungeon Crawl Stone Soup version 0.28.0-43-g3370ac3207 (webtiles) character file.

Game seed: 12032092969981566945

62064 issech the Cleaver (level 14, -3/124 (126) HPs)
             Began as a Troll Monk on Mar 27, 2022.
             Was a High Priest of Hepliaklqana.
             Slain by an orc warrior
             ... wielding a +3 battleaxe of electrocution
              (19 damage)
             ... on level 2 of the Orcish Mines.
             The game lasted 02:00:25 (20251 turns).

issech the Cleaver (Troll Monk)                    Turns: 20251, Time: 02:00:26

HP:   -3/124 (126)  AC: 22    Str: 22    XL:     14   Next: 63%
MP:   13/13         EV: 13    Int:  6    God:    Hepliaklqana [*****.]
Gold: 2021          SH:  5    Dex: 16    Spells: 13/13 levels left

rFire   . . .      SeeInvis +   O - +10 hand axe "Azxosm" {flame, +Blink rN+}
rCold   + . .      Faith    .   (no shield)
rNeg    + . .      Spirit   .   b - +6 acid dragon scales
rPois   +          Reflect  +   (helmet restricted)
rElec   .          Harm     .   B - +2 cloak
rCorr   +          Rampage  .   (gloves unavailable)
Will    +....                   (boots unavailable)
Stlth   ++........              F - amulet of reflection
HPRegen 1.10/turn               a - +4 ring of protection
MPRegen 0.13/turn               l - ring "Jesir" {rPois rC+ SInv}

@: studying Crossbows, lightly drained
A: reduced essence, large, unfitting armour, claws 3, regeneration 1, shaggy fur
1, tough skin 1, mutation resistance 1
a: Renounce Religion, Evoke Blink, Recall Ancestor, Ancestor Identity,
Transference, Idealise


You were on level 2 of the Orcish Mines.
You worshipped Hepliaklqana.
Hepliaklqana was extremely pleased with you.
You visited 3 branches of the dungeon, and saw 18 of its levels.
You also visited: Ossuary and Bailey.

You collected 2426 gold pieces.
You spent 405 gold pieces at shops.

Inventory:

Hand Weapons
 e - a +0 giant club of flaming
 m - the +6 hunting sling "Orb Guardian's Foe" {freeze, rElec rF+ Str+4 Dex+4}
   (You found it on level 15 of the Dungeon)

   Any ammunition fired from it freezes those it strikes, dealing additional
   cold damage.
   It can also slow down cold-blooded creatures.
   Str:       It affects your strength (+4).
   Dex:       It affects your dexterity (+4).
   rF:        It protects you from fire.
   rElec:     It insulates you from electricity.
 p - a +2 flail of protection
 s - a +2 war axe of venom
 I - a +2 great mace
 O - the +10 hand axe "Azxosm" (weapon) {flame, +Blink rN+}
   (You found it on level 14 of the Dungeon)

   It burns those it strikes, dealing additional fire damage.
   Big, fiery blades are also staple armaments of hydra-hunters.
   rN:        It protects you from negative energy.
   +Blink:    It lets you blink.
 P - a +0 giant spiked club of venom
 R - a +3 vorpal flail
Missiles
 c - 424 arrows
 k - 492 stones
 v - 50 poisoned darts
 w - 11 large rocks (quivered)
 x - 15 throwing nets
 Q - 101 sling bullets
 T - 9 boomerangs
 X - 47 bolts
Armour
 b - +6 acid dragon scales (worn)
 h - a scarf of harm
 o - a +0 troll leather armour
 u - a +2 robe of willpower
 B - a +2 cloak (worn)
Magical Staves
 A - a staff of fire
Jewellery
 a - a +4 ring of protection (left claw)
 g - a ring of protection from cold
 l - the ring "Jesir" (right claw) {rPois rC+ SInv}
   (You found it on level 2 of the Dungeon)

   [ring of see invisible]

   rC:        It protects you from cold.
   rPois:     It protects you from poison.
   SInv:      It lets you see invisible.
 F - an amulet of reflection (around neck)
 W - a +6 ring of dexterity
 Y - a +6 ring of strength
Wands
 i - a wand of mindburst (8)
 n - a wand of paralysis (14)
 t - a wand of digging (7)
 y - a wand of flame (27)
 K - a wand of polymorph (12)
 Z - a wand of iceblast (10)
Scrolls
 f - 4 scrolls of enchant weapon
 j - a scroll of summoning
 z - 2 scrolls of fog
 C - 4 scrolls of identify
 E - 9 scrolls of teleportation
 L - a scroll of magic mapping
 N - 3 scrolls of fear
 S - a scroll of enchant armour
 U - 2 scrolls of holy word
 V - a scroll of blinking
Potions
 d - 2 potions of might
 q - 7 potions of heal wounds
 r - 3 potions of haste
 G - a potion of flight
 H - 9 potions of curing
 M - a potion of mutation
Miscellaneous
 D - a phial of floods
 J - a phantom mirror


   Skills:
 + Level 9.4 Fighting
 + Level 12.6(13.6) Axes
 + Level 9.4(12.7) Maces & Flails
 + Level 4.7 Throwing
 + Level 5.8 Armour
 + Level 8.9 Dodging
 + Level 4.5 Stealth
 + Level 5.4 Shields


You had 13 spell levels left.
You didn't know any spells.
Your spell library contained the following spells:

 Spells                   Type           Power      Damage    Failure   Level
 Animate Skeleton         Necr           0%         N/A       52%         1
 Apportation              Tloc           0%         N/A       52%         1
 Magic Dart               Conj           0%         1d3       52%         1
 Shock                    Conj/Air       0%         1d3       52%         1
 Summon Small Mammal      Summ           0%         N/A       52%         1
 Call Imp                 Summ           0%         N/A       67%         2
 Corpse Rot               Necr/Air       0%         N/A       67%         2
 Ensorcelled Hibernation  Hex/Ice        0%         N/A       67%         2
 Passwall                 Tmut/Erth      0%         N/A       67%         2
 Scorch                   Fire           0%         2d5       67%         2
 Sublimation of Blood     Necr           0%         N/A       67%         2
 Wereblood                Tmut           0%         N/A       67%         2
 Mephitic Cloud           Conj/Pois/Air  0%         N/A       88%         3
 Ozocubu's Armour         Ice            0%         N/A       88%         3
 Swiftness                Air            0%         N/A       88%         3
 Tukima's Dance           Hex            0%         N/A       88%         3
 Airstrike                Air            0%         N/A       99%         4
 Anguish                  Hex/Necr       0%         N/A       99%         4
 Dispel Undead            Necr           0%         3d6       99%         4
 Flame Wave               Conj/Fire      0%         2d4       99%         4
 Fulminant Prism          Conj/Hex       0%         3d6       99%         4
 Iskenderun's Mystic Bla  Conj/Tloc      0%         2d3       99%         4
 Lee's Rapid Deconstruct  Erth           0%         3d5*      100%        5
 Death Channel            Necr           0%         N/A       100%        6
 Summon Cactus Giant      Summ           0%         N/A       100%        6
 Enfeeble                 Hex            0%         N/A       100%        7
 Ozocubu's Refrigeration  Ice            0%         4d5       100%        7
 Summon Hydra             Summ           0%         N/A       100%        7


Dungeon Overview and Level Annotations

Branches:
Dungeon (15/15)            Temple (1/1) D:6            Lair (0/6) D:10
    Orc (2/2) D:11            Elf (0/3) Orc:2        Vaults (0/5) D:14
 Depths (0/4) D:15        Ossuary (visited)          Bailey (visited)

Altars:
Ashenzari
Cheibriados
Dithmenos
Elyvilon
Fedhas
Gozag
Hepliaklqana
Kikubaaqudgha
Makhleb
Nemelex Xobeh
Okawaru
Qazlal
Ru
Sif Muna
Trog
Uskayaw
Vehumet
Wu Jian
Xom
Yredelemnul
Zin
The Shining One
Beogh

Shops:
D:1 *   D:9 =   D:14 ?   D:15 ?

Annotations:
D:7 3 runed translucent doors, issech's ghost, novice TrMo
D:10 2 transporters, Modestlyawesome's ghost, journeyman DsGl


Innate Abilities, Weirdness & Mutations

Your life essence is reduced to manifest your ancestor. (-10% HP)
You are too large for most types of armour.
You have claws for hands.
Your natural rate of healing is unusually fast.
You are covered in fur. (AC +1)
You have tough skin. (AC +1)
You are somewhat resistant to further mutation.


Message History

An orc warrior comes into view.
It is wielding a +3 battleaxe of electrocution.
You feel much better.
Throw: 14 large rocks
Press: ? - help, Q - select action, (/) - cycle Shift-Dir - straight line, f - orc priest
Aim: an orc priest, wielding a +0 club and wearing a +0 leather armour (wandering, hasn't noticed you, 66% to hit)
You throw a large rock. The orc priest shouts!
The large rock hits the orc priest!!
You kill the orc priest!
An orc warrior comes into view. It is wielding a +0 halberd.
Throw: 13 large rocks
Press: ? - help, Q - select action, (/) - cycle Shift-Dir - straight line, f - orc warrior
Aim: an orc warrior, wielding a +3 battleaxe of electrocution and wearing a +0 chain mail (63% to hit)
You throw a large rock. The orc warrior shouts!
The large rock hits the orc warrior.
The orc warrior is lightly wounded.
You hear a shout!
The orc wizard casts a spell at you. You resist with almost no effort.
Throw: 12 large rocks
Press: ? - help, Q - select action, (/) - cycle Shift-Dir - straight line, f/p - orc warrior
Aim: an orc warrior, wielding a +3 battleaxe of electrocution and wearing a +0 chain mail (lightly wounded, 63% to hit)
You throw a large rock.
The large rock closely misses the orc warrior.
The orc warrior hits you with a +3 battleaxe of electrocution!
You are electrocuted!
* * * LOW HITPOINT WARNING * * *
You closely miss the orc warrior.
The orc warrior is lightly wounded.
The orc warrior hits you with a +3 battleaxe of electrocution!
* * * LOW HITPOINT WARNING * * *
You hit the orc warrior but do no damage.
The orc warrior is lightly wounded.
You closely miss the orc warrior.
The orc warrior is lightly wounded.
The orc warrior hits you with a +3 battleaxe of electrocution.
* * * LOW HITPOINT WARNING * * *
You are electrocuted!!
You die...

...........#
.......#..#(..# .
..............#..
.................
........o........
................#
........#.....#
..(..(..o@...#
............##
........#####
.......## ...#..#
.. #.. . ##. #


You could see an orc warrior and an orc wizard.

Vanquished Creatures
  An ettin (Orc:1)
  A fire dragon (D:14)
  3 hydras
  3 boulder beetles
  An ice dragon (D:15)
  5 centaur warriors
  8 two-headed ogres
  2 death knights
  2 tengu warriors (D:13)
  An orc high priest (Orc:2)
  5 skeletal warriors
  A phantasmal warrior (D:15)
  An orc knight (Orc:2)
  5 orc sorcerers
  2 deep elf pyromancers
  5 manticores
  14 ugly things
  5 cyclopes
  2 kobold demonologists
  A freezing wraith (D:15)
  A tengu conjurer (D:14)
  A komodo dragon (D:12)
  6 trolls
  6 slime creatures
  A hornet (D:10)
  3 vampires
  7 yaks
  2 wraiths
  A fire elemental (D:14)
  Eustachio (D:5)
  4 vampire mosquitoes
  A basilisk (D:12)
  2 wargs
  An acid dragon (D:8)
  Duvessa (D:6)
  A water moccasin (D:5)
  15 orc warriors
  2 black bears
  An ice beast (D:5)
  2 ogres
  2 wolves (Bailey)
  4 centaurs
  5 kobold brigands
  A bullfrog (D:10)
  7 gnoll sergeants
  2 scorpions
  4 killer bees
  Dowan (D:6)
  4 wights
  4 howler monkeys
  2 centaur zombies (Ossuary)
  5 hounds
  A jelly (D:7)
  A human zombie (Ossuary)
  4 gnoll shamans (Bailey)
  15 orc priests
  Crazy Yiuf (D:3)
  Jessica (D:2)
  4 iguanas
  15 orc wizards
  Terence (D:2)
  Natasha (D:2)
  A statue (D:3)
  2 killer bee zombies
  3 mummies (Ossuary)
  3 howler monkey zombies
  25 gnolls
  A howler monkey skeleton (D:7)
  10 adders
  2 white imps
  2 worms
  6 dart slugs
  44 orcs
  6 endoplasms
  A giant cockroach (D:3)
  14 goblins
  6 hobgoblins
  2 jackals (D:3)
  A quokka (D:5)
  9 ball pythons
  9 bats
  4 frilled lizards
  2 goblin zombies
  2 hobgoblin zombies (Ossuary)
  12 kobolds
  A kobold zombie (Ossuary)
  An orc zombie (Ossuary)
  A quokka zombie (D:6)
  8 rats
  A spectral orc (D:4)
  13 bushes
404 creatures vanquished.

Vanquished Creatures (collateral kills)
  A fire dragon (D:15)
  A hydra (D:15)
  2 centaur warriors (D:13)
  2 two-headed ogres
  The ghost of cookedgoose the Geomancer, a novice DDEE of Elyvilon (D:9)
  2 skeletal warriors (D:15)
  An orc knight (D:14)
  A wizard (D:14)
  2 orc sorcerers
  2 deep elf pyromancers (D:14)
  5 ugly things
  2 manticores
  A centaur zombie (D:11)
  A cyclops (D:8)
  An unseen horror (D:12)
  A freezing wraith (D:13)
  2 trolls
  3 slime creatures
  A water elemental (D:14)
  An air elemental (D:15)
  2 yaks (D:11)
  A vampire (D:9)
  A wraith (D:13)
  3 vampire mosquitoes
  3 acid dragons
  A sky beast (D:6)
  A black bear (D:7)
  An ice beast (D:7)
  9 orc warriors
  5 wolves (Bailey)
  2 ogres (Orc:1)
  A centaur (D:15)
  3 bullfrogs
  2 kobold brigands (D:11)
  2 scorpions (D:7)
  An earth elemental (D:14)
  6 gnoll sergeants
  5 wights
  9 killer bees
  2 howler monkeys (D:7)
  6 orc priests
  A bullfrog skeleton (D:7)
  A gnoll shaman (Bailey)
  An iguana (D:7)
  4 orc wizards
  12 gnolls
  2 adders (D:6)
  A white imp (D:7)
  16 orcs
  2 goblins (D:8)
  2 kobolds (D:7)
  A frilled lizard (D:10)
142 creatures vanquished.

Vanquished Creatures (others)
  An orc priest (Orc:2)
  24 battlemagi
  4 fungi
  9 plants
38 creatures vanquished.

Grand Total: 584 creatures vanquished

Notes
Turn   | Place    | Note
-------+----------+-------------------------------------------
     0 | D:1      | issech the Troll Monk began the quest for the Orb.
     0 | D:1      | Reached XP level 1. HP: 22/22 MP: 0/0
    49 | D:1      | You fall into a shaft and drop 1 floor!
    63 | D:2      | Reached XP level 2. HP: 22/29 MP: 1/1
   116 | D:2      | Noticed Jessica
   138 | D:2      | Killed Jessica
   139 | D:2      | Reached XP level 3. HP: 35/36 MP: 2/2
   160 | D:1      | Found Baaschuz's General Store.
   890 | D:2      | Reached XP level 4. HP: 44/44 MP: 3/3
   912 | D:2      | Identified the ring "Jesir" {rPois rC+ SInv}
   961 | D:2      | Noticed Terence
  1031 | D:2      | Killed Terence
  1412 | D:2      | Noticed Natasha
  1428 | D:2      | Killed Natasha
  1823 | D:3      | Reached XP level 5. HP: 47/53 MP: 4/4
  1844 | D:3      | Found a radiant altar of Vehumet.
  1844 | D:3      | Noticed a frost-covered statue
  1861 | D:3      | Found a snail-covered altar of Cheibriados.
  1926 | D:3      | Found a faded altar of an unknown god.
  2099 | D:3      | Found a burning altar of Makhleb.
  2438 | D:3      | Reached skill level 1 in Axes
  2567 | D:3      | Found a runed translucent door.
  2568 | D:3      | Noticed Crazy Yiuf
  2579 | D:3      | Killed Crazy Yiuf
  2580 | D:3      | Reached XP level 6. HP: 61/61 MP: 5/5
  3065 | D:4      | Found an opulent altar of Gozag.
  3080 | D:4      | Found an ornate altar of the Wu Jian Council.
  3398 | D:4      | Reached skill level 2 in Axes
  3432 | D:4      | Found a basalt altar of Yredelemnul.
  3711 | D:5      | Entered Level 5 of the Dungeon
  3793 | D:5      | Noticed an ice beast
  3806 | D:5      | Killed an ice beast
  3946 | D:5      | Reached XP level 7. HP: 36/68 MP: 6/6
  4154 | D:5      | Found a white marble altar of Elyvilon.
  4177 | D:5      | Reached skill level 3 in Axes
  4321 | D:5      | Noticed Eustachio
  4370 | D:5      | Killed Eustachio
  4495 | D:5      | Identified the +2 chain mail "Pedwue" {-Tele rF+ rN++
                  | Stlth+}
  4501 | D:5      | Reached skill level 4 in Axes
  4706 | D:5      | Found an iron altar of Okawaru.
  4886 | D:6      | Found a sand-covered staircase.
  4894 | Ossuary  | Entered an ossuary
  5074 | Ossuary  | Reached skill level 1 in Shields
  5091 | Ossuary  | Reached XP level 8. HP: 78/78 MP: 7/7
  5382 | D:6      | Reached skill level 5 in Axes
  5463 | D:6      | Found a staircase to the Ecumenical Temple.
  5468 | Temple   | Entered the Ecumenical Temple
  5649 | Temple   | Became a worshipper of Hepliaklqana the Forgotten
  5649 | Temple   | Reached * piety under Hepliaklqana
  5649 | Temple   | Reached ** piety under Hepliaklqana
  5650 | Temple   | Remembered your ancestor Shiptu as a battlemage
  5709 | D:6      | Noticed Duvessa
  5711 | D:6      | Noticed Dowan
  5719 | D:6      | Killed Duvessa
  5722 | D:6      | Killed Dowan
  5788 | D:6      | Reached skill level 6 in Axes
  5789 | D:6      | Found a shimmering blue altar of Sif Muna.
  6298 | D:7      | Identified the +1 chain mail of the Blue Skies {Int+4
                  | Dex+4}
  6362 | D:7      | Found a runed translucent gate.
  6363 | D:7      | Found a runed translucent gate.
  6363 | D:7      | Found a runed translucent gate.
  6382 | D:7      | Reached XP level 9. HP: 69/78 MP: 8/8
  6497 | D:7      | Reached skill level 5 in Fighting
  6497 | D:7      | Reached skill level 7 in Axes
  6737 | D:7      | Noticed issech's ghost (novice TrMo)
  6923 | D:8      | Noticed a two-headed ogre
  6928 | D:8      | Killed a two-headed ogre
  6929 | D:8      | Reached skill level 5 in Dodging
  6946 | D:8      | Found a flagged portal.
  6988 | Bailey   | Entered a bailey
  7042 | Bailey   | Reached skill level 8 in Axes
  7305 | Bailey   | Reached XP level 10. HP: 75/86 MP: 9/9
  7934 | D:8      | Reached *** piety under Hepliaklqana
  8016 | D:8      | Noticed a cyclops
  8026 | D:8      | Killed a cyclops
  8296 | D:8      | Reached skill level 1 in Throwing
  8611 | D:9      | Reached skill level 9 in Axes
  8753 | D:9      | Gained mutation: You have an increased reservoir of magic.
                  | (+10% MP) [potion of mutation]
  8753 | D:9      | Gained mutation: Your body sometimes deteriorates upon
                  | taking damage. [potion of mutation]
  8753 | D:9      | Gained mutation: Your flesh is heat resistant. (rF+)
                  | [potion of mutation]
  8754 | D:9      | Lost mutation: Your flesh is heat resistant. (rF+) [potion
                  | of mutation]
  8754 | D:9      | Lost mutation: You have an increased reservoir of magic.
                  | (+10% MP) [potion of mutation]
  8754 | D:9      | Gained mutation: You occasionally shout uncontrollably at
                  | your foes. [potion of mutation]
  8754 | D:9      | Gained mutation: You expend magic power (3 MP) to
                  | strengthen your wands. [potion of mutation]
  8755 | D:9      | Lost mutation: You expend magic power (3 MP) to strengthen
                  | your wands. [potion of mutation]
  8755 | D:9      | Lost mutation: Your body sometimes deteriorates upon taking
                  | damage. [potion of mutation]
  8755 | D:9      | Lost mutation: You occasionally shout uncontrollably at
                  | your foes. [potion of mutation]
  8755 | D:9      | Gained mutation: Your mind is acute. (Int +2) [potion of
                  | mutation]
  8755 | D:9      | Gained mutation: A frigid envelope surrounds you and
                  | freezes all who hurt you. [potion of mutation]
  8755 | D:9      | Lost mutation: A frigid envelope surrounds you and freezes
                  | all who hurt you. [potion of mutation]
  8821 | D:9      | Reached skill level 1 in Armour
  8899 | D:9      | Noticed cookedgoose's ghost (novice DDEE)
  8903 | D:9      | Found a runed translucent door.
  8907 | D:9      | Noticed a two-headed ogre
  8918 | D:9      | Killed a two-headed ogre
  8938 | D:9      | Reached **** piety under Hepliaklqana
  9076 | D:9      | Found a bloodstained altar of Trog.
  9149 | D:9      | Found Ijihyppu's Jewellery Boutique.
  9353 | D:9      | Reached XP level 11. HP: 94/94 MP: 10/10
  9411 | D:9      | Found a stormy altar of Qazlal.
  9611 | D:9      | Killed cookedgoose's ghost
  9639 | D:9      | Lost mutation: Your mind is acute. (Int +2) [potion of
                  | mutation]
  9639 | D:9      | Gained mutation: You are dopey. (Int -2) [potion of
                  | mutation]
  9639 | D:9      | Gained mutation: You passively dampen the noise of your
                  | surroundings. [potion of mutation]
  9664 | D:10     | Entered Level 10 of the Dungeon
  9693 | D:10     | Noticed a boulder beetle
 10126 | D:9      | Killed a boulder beetle
 10298 | D:10     | Found a transporter.
 10301 | D:10     | Found a transporter.
 10301 | D:10     | Noticed Modestlyawesome's ghost (journeyman DsGl)
 10309 | D:10     | Noticed a two-headed ogre
 10321 | D:10     | Noticed a two-headed ogre
 10342 | D:10     | Killed a two-headed ogre
 10343 | D:10     | Reached skill level 10 in Axes
 10498 | D:10     | Found a hide-covered altar of Uskayaw.
 10789 | D:10     | Found a staircase to the Lair.
 11096 | D:10     | Noticed a two-headed ogre
 11105 | D:10     | Killed a two-headed ogre
 11118 | D:10     | Found a shimmering altar of Xom.
 11127 | D:10     | Paralysed by a hornet for 1 turns
 11373 | D:11     | Noticed a two-headed ogre
 11387 | D:11     | Killed a two-headed ogre
 11481 | D:11     | Noticed a two-headed ogre
 11492 | D:11     | Killed a two-headed ogre
 11621 | D:11     | Reached XP level 12. HP: 79/106 MP: 11/11
 11702 | D:11     | Found a staircase to the Orcish Mines.
 11905 | D:11     | Reached skill level 5 in Maces & Flails
 12287 | D:12     | Reached ***** piety under Hepliaklqana
 12507 | D:12     | Noticed a centaur warrior
 12525 | D:12     | Killed a centaur warrior
 12526 | D:12     | Noticed a two-headed ogre
 12588 | D:12     | Killed a two-headed ogre
 12614 | D:12     | Found an ancient bone altar of Kikubaaqudgha.
 12855 | D:13     | Noticed a tengu warrior
 12855 | D:13     | Noticed a tengu warrior
 12861 | D:13     | Killed a tengu warrior
 12867 | D:13     | Killed a tengu warrior
 12982 | D:13     | Noticed a centaur warrior
 12987 | D:13     | Killed a centaur warrior
 13164 | D:13     | Noticed a centaur warrior
 13183 | D:13     | Killed a centaur warrior
 13268 | D:13     | Noticed a death knight
 13569 | D:12     | Killed a death knight
 13671 | D:13     | Noticed a two-headed ogre
 13677 | D:13     | Killed a two-headed ogre
 14232 | D:14     | Noticed an eight-headed hydra
 14243 | D:14     | Killed an eight-headed hydra
 14355 | D:14     | Found a gate to the Vaults.
 14404 | D:14     | Reached XP level 13. HP: 114/114 MP: 12/12
 14446 | D:14     | HP: 4/114 [centaur warrior/arrow (23)]
 14808 | D:14     | Identified the +10 hand axe "Azxosm" {flame, +Blink rN+}
 15143 | D:14     | Noticed a fire dragon
 15209 | D:14     | Killed a fire dragon
 15210 | D:14     | Reached skill level 11 in Axes
 15744 | D:14     | Found a large runed translucent door.
 15744 | D:14     | Found a large runed translucent door.
 16063 | D:15     | Entered Level 15 of the Dungeon
 16108 | D:15     | Found Onashrusi's Magic Scroll Boutique.
 16116 | D:15     | Bought a scroll of enchant armour for 135 gold pieces
 16116 | D:15     | Bought a scroll of enchant armour for 135 gold pieces
 16116 | D:15     | Bought a scroll of enchant armour for 135 gold pieces
 16360 | D:15     | Reached skill level 5 in Shields
 16729 | D:14     | Reached skill level 5 in Armour
 16826 | D:15     | Noticed a fire dragon
 16845 | D:15     | Killed a fire dragon
 16874 | D:15     | Found a staircase to the Depths.
 17417 | D:14     | Reached XP level 14. HP: 74/123 MP: 13/13
 17547 | D:15     | Paralysed by an air elemental for 1 turns
 18207 | D:14     | Reached skill level 12 in Axes
 18505 | D:15     | Identified the +6 hunting sling "Orb Guardian's Foe"
                  | {freeze, rElec rF+ Str+4 Dex+4}
 18548 | D:15     | Lost mutation: You passively dampen the noise of your
                  | surroundings. [potion of mutation]
 18548 | D:15     | Lost mutation: You are dopey. (Int -2) [potion of mutation]
 18548 | D:15     | Gained mutation: You are somewhat resistant to further
                  | mutation. [potion of mutation]
 18953 | Orc:1    | Entered Level 1 of the Orcish Mines
 19441 | Orc:2    | Entered Level 2 of the Orcish Mines
 19488 | Orc:2    | Paralysed by an orc sorcerer for 7 turns
 19540 | Orc:2    | Found a bloodstained altar of Trog.
 19588 | Orc:2    | Found a staircase to the Elven Halls.
 20088 | Orc:2    | Noticed an orc warlord
 20251 | Orc:2    | Slain by an orc warrior

Illustrated notes

Levels and vault maps discovered:
D:1:      lightli_iron_boxes, layout_basic, serial_shops, shop,
          hangedman_abyss_or_decor_lesser_grid
D:2:      layout_basic, hangedman_decor_points, uniq_natasha, uniq_jessica,
          uniq_terence
D:3:      layout_basic, mainiacjoe_overflow_brackets, vehumet_statue,
          cheibriados_altar_1, serial_forest, infiniplex_forest_clump_tiny,
          infiniplex_forest_clump_small, infiniplex_forest_straight_3,
          infiniplex_forest_lined_ring, infiniplex_forest_split,
          infiniplex_forest_straight_3, ebering_ecumenical_altar_abandoned,
          nrook_mini_vaults, uniq_crazy_yiuf_cottage
D:4:      layout_rooms, grunt_gozag_statues,
          yredelemnul_forgotten_temple_becter, nzn_wu_jian_council_hall
D:5:      layout_loops_corners, elyvilon_altar_1, okawaru_altar_gauntlet_db,
          uniq_eustachio
D:6:      layout_loops_ring, lemuel_crystal_altar, temple_doors_cd,
          enter_ossuary_4, uniq_duvessa
D:7:      minmay_the_grid_square_5x5_3x3 [minmay_the_grid_square_5x5_spiral,
          minmay_the_grid_square_5x5_longway,
          minmay_the_grid_square_5x5_spiral_small,
          minmay_the_grid_square_5x5_lines,
          minmay_the_grid_square_5x5_megaprize_hollow,
          minmay_the_grid_square_5x5_hourglass,
          minmay_the_grid_square_5x5_shrine2,
          minmay_the_grid_square_5x5_hollow_slash,
          minmay_the_grid_square_5x5_one_wall], layout_rooms, serial_curves,
          eino_curves_02, eino_curves_02, biasface_ghost_orc_armoury
D:8:      layout_loops_ring, enter_bailey_3, minmay_manual_mail
D:9:      layout_roguey, lemuel_coloured_pillars_altar,
          mainiacjoe_overflow_tiny_flanked, serial_shops, kennysheep_mini,
          hellmonk_ghost_happy_afterlife
D:10:     layout_loops_ring, tgw_xom, amcnicky_altar_gilded,
          grunt_lair_entry_orc_guard_hut, gammafunk_ghost_arena,
          grunt_decor_resistance, nzn_sisyphean_effort
D:11:     layout_roguey, kennysheep_orc_monster_closet_entryway
D:12:     layout_big_octagon, kiku_gazebo_pond_becter
D:13:     layout_basic
D:14:     minmay_ornate_pinched, layout_loops_ring,
          chequers_serial_rivers_micro_b, lightli_elemental_guards
D:15:     grunt_enter_depths_hoard, layout_irregular_city, serial_column_ruins,
          column_ruins_hut_pillars, column_ruins_circle_small,
          column_ruins_open_tiny, column_ruins_columns_corner,
          column_ruins_columns_plus, column_ruins_open_medium,
          column_ruins_corridor_corner, serial_shops, nicolae_shop_statue_plus
Temple:   grunt_temple_mini_profane
Orc:1:    layout_caves
Orc:2:    st_orc_congregation, layout_diamond_mine, basic_altar,
          nicolae_orc_lost_temple

Skill      XL: |  1  2  3  4  5  6  7  8  9 10 11 12 13 14 |
---------------+-------------------------------------------+-----
Maces & Flails | 3 4 8 9 |  9.4
Fighting       | 3 4 5 6 7 8 9 |  9.4
Dodging        | 3 4 5 6 7 8 |  8.9
Axes           | 1 2 4 6 8 9 10 11 12 | 12.6
Shields        | 1 2 3 4 5 |  5.4
Stealth        | 2 3 4 |  4.5
Throwing       | 1 2 4 |  4.7
Armour         | 2 3 4 5 |  5.8

Action                   |  1- 3 |  4- 6 |  7- 9 | 10-12 | 13-15 || total
-------------------------+-------+-------+-------+-------+-------++-------
Melee: Mace              |   104 |    56 |       |       |       ||   160
       War axe           |       |   326 |   260 |   292 |       ||   878
       Punch             |       |     3 |     5 |     5 |    15 ||    28
       Giant spiked club |       |       |       |   134 |    36 ||   170
       Hand axe          |       |       |       |       |   508 ||   508
Throw: Large rock        |       |       |       |    39 |    51 ||    90
       Stone             |       |       |       |       |     3 ||     3
Invok: Ancestor Life: Ba |       |       |     1 |       |       ||     1
  Use: Scroll            |       |       |    14 |    10 |     6 ||    30
       Potion            |       |       |       |    13 |     4 ||    17
 Stab: Sleeping          |     1 |     1 |     4 |     5 |     3 ||    14
       Distracted        |       |       |     4 |     8 |     3 ||    15
Armor: Robe              |    76 |    68 |    93 |    16 |       ||   253
       Acid dragon scale |       |       |       |   193 |   182 ||   375
Dodge: Dodged            |    92 |   121 |   179 |   297 |   225 ||   914
Block: Other             |       |     7 |    74 |   120 |    78 ||   279
       Reflection        |       |       |     2 |     5 |     4 ||    11
